Map: Doraelus Hills

Players

Stimulants

  • Race: Zerg Zerg

DoumB

  • Race: Protoss Protoss
  • League: Gold

Grumm

  • Race: Protoss Protoss
  • League: Gold

ArgJIMY

  • Race: Protoss Protoss

ArgGULA

  • Race: Zerg Zerg

Caesar

  • Race: Protoss Protoss
  • League: Gold

VOD

Have the link to the VOD?

Description

Time

  • Played on: Feb. 8, 2016, 7:28 p.m.
  • Length: 16:40
Show
View Real Time Build Order
Export as new Build Order

Stimulants Zerg 

Build Orders: Pool First 

Get SALT Encoding   

  12  0:04  Extractor  
  11  0:23  Spawning Pool  
  10  0:30  Overlord  
  10  0:35  Drone  
  10  0:41  Drone  
  12  0:46  Drone  
  13  0:59  Overlord  
  13  1:12  Queen  
  13  1:17  Drone  
  16  1:22  Drone  
  17  1:31  Drone  
  18  1:43  Metabolic Boost  
  18  1:46  Zergling x2  
  18  1:47  Zergling x2  
  20  1:56  Overlord  
  20  2:07  Zergling x2  
  21  2:21  Zergling x4  
  21  2:22  Zergling x4  
  25  2:32  Zergling x2  
  26  2:43  Zergling x2  
  27  2:53  Zergling x6, Hatchery  
  29  3:08  Drone x2  
  25  3:32  Lair  
  25  3:33  Drone x2  
  27  3:34  Drone x2, Extractor  
  28  3:42  Drone  
  28  3:46  Baneling Nest  
  28  3:52  Drone  
  29  4:07  Drone, Queen, Extractor  
  29  4:08  Extractor  
  30  4:11  Drone  
  30  4:15  Drone  
  32  4:19  Drone  
  33  4:36  Drone, Spire  
  33  4:40  Drone  
  33  4:43  Drone  
  35  4:48  Drone  
  36  4:55  Drone x2  
  36  4:59  Drone  
  39  5:03  Drone  
  40  5:07  Drone  
  40  5:10  Baneling  
  40  5:11  Baneling  
  40  5:13  Baneling  
  40  5:14  Baneling  
  41  5:16  Baneling  
  41  5:17  Baneling  
  41  5:36  Drone  
  41  5:37  Drone x2  
  41  5:39  Overlord x2  
  41  5:42  Overlord  
  44  5:50  Zerg Flyer Weapons Level 1  
  44  5:59  Drone  
  44  6:00  Drone x2  
  44  6:02  Drone x2  
  44  6:03  Drone  
  50  6:05  Drone  
  50  6:09  Drone  
  50  6:10  Drone  
  53  6:17  Spore Crawler  
  52  6:21  Mutalisk  
  52  6:23  Mutalisk  
  56  6:27  Overlord  
  56  6:35  Mutalisk  
  56  6:37  Mutalisk  
  56  6:38  Mutalisk  
  62  6:40  Drone  
  62  6:41  Drone  
  62  6:46  Mutalisk  
  66  6:51  Mutalisk  
  66  6:53  Mutalisk  
  70  6:55  Mutalisk  
  70  6:58  Mutalisk  
  74  7:01  Mutalisk  
  74  7:05  Overlord  
  76  7:09  Overlord  
  76  7:11  Overlord  
  74  7:47  Mutalisk  
  74  7:48  Mutalisk x5  
  74  7:50  Mutalisk  
  88  7:57  Overlord x4  
  88  7:58  Overlord  
  88  8:03  Mutalisk  
  90  8:18  Mutalisk  
  90  8:19  Mutalisk  
  94  8:30  Zerg Flyer Armor Level 1  
  94  8:31  Hatchery  
  69  9:32  Mutalisk x3  
  69  9:33  Mutalisk  
  69  9:36  Zergling x10  
  69  9:37  Zergling x2  
  69  9:38  Zergling x4  
  85  9:52  Zergling x2  
  86  10:02  Queen  
  88  10:07  Zergling x10  
  88  10:09  Zergling x2  
  88  10:13  Infestation Pit, Queen  
  95  10:17  Drone x3  
  95  10:19  Extractor  
  95  10:20  Extractor  
  96  10:27  Centrifical Hooks  
  96  10:32  Baneling  
  96  10:33  Baneling x7  
  96  10:34  Baneling x8  
  96  10:35  Baneling x2  
  96  10:36  Baneling  
  96  10:38  Baneling  
  96  10:56  Overlord  
  96  11:08  Baneling x4  
  96  11:09  Baneling x7  
  96  11:10  Baneling x5  
  63  12:31  Corruptor x2  
  63  12:32  Corruptor x5  
  63  12:33  Corruptor x4  
  63  12:34  Corruptor x2  
  89  12:39  Hive  
  84  12:44  Zergling x10  
  84  12:45  Zergling x2  
  84  12:48  Zergling x2  
  86  12:53  Zergling x6  
  86  12:56  Zergling x8  
  91  13:00  Zergling x2  
  91  13:04  Baneling x2  
  91  13:05  Baneling x8  
  92  13:06  Baneling x2  
  92  13:08  Baneling x2  
  92  13:31  Zergling x8  
  92  13:32  Zergling x4  
  92  13:33  Zergling x6  
  101  13:39  Baneling x5  
  101  13:40  Baneling  
  99  13:42  Baneling x5  
  99  13:43  Baneling x5  
  99  13:45  Zergling x8  
  99  13:46  Zergling x4  
  99  13:47  Zergling x4  
  107  13:50  Adrenal Glands  
  107  13:53  Zergling x4  
  109  13:58  Greater Spire  
  109  13:59  Zergling x2  
  109  14:01  Baneling x5  
  109  14:02  Baneling x3  
  110  14:24  Baneling x4  
  110  14:25  Baneling x2  
  110  14:31  Zergling x8  
  112  14:35  Baneling x3  
  112  14:36  Baneling x8  
  112  14:37  Baneling x4  
  112  14:38  Baneling  
  114  14:39  Baneling  
  114  14:41  Zergling x2  
  114  14:42  Zergling x4  
  117  14:48  Zergling x12  
  88  15:42  Brood Lord x5  
  87  15:54  Brood Lord  
  89  16:18  Zergling x6  
  89  16:19  Zergling x8  
Show
View Real Time Build Order
Export as new Build Order

DoumB Protoss 

Build Orders: 1 Gate Expand 

Get SALT Encoding   

  12  0:01  Probe (Chrono Boost)  
  13  0:12  Probe (Chrono Boost)  
  14  0:19  Pylon  
  14  0:22  Probe (Chrono Boost)  
  15  0:37  Probe (Chrono Boost)  
  15  0:38  Gateway  
  16  0:45  Assimilator  
  16  0:48  Probe (Chrono Boost)  
  17  0:58  Probe (Chrono Boost)  
  18  1:09  Probe (Chrono Boost)  
  19  1:19  Probe (Chrono Boost)  
  20  1:30  Probe (Chrono Boost)  
  21  1:34  Nexus  
  21  1:42  Probe (Chrono Boost)  
  21  1:43  Cybernetics Core  
  23  1:54  Assimilator, Probe (Chrono Boost)  
  23  2:10  Pylon  
  23  2:24  Stargate  
  23  2:28  Probe (Chrono Boost)  
  24  2:38  Pylon, Probe (Chrono Boost)  
  25  2:48  Assimilator  
  25  2:49  Probe x2 (Chrono Boost)  
  27  2:53  Assimilator  
  27  2:57  Stargate  
  27  2:59  Probe x2 (Chrono Boost)  
  29  3:09  Probe (Chrono Boost)  
  30  3:15  Void Ray (Chrono Boost)  
  30  3:19  Probe  
  34  3:25  Zealot (Chrono Boost)  
  35  3:33  Probe  
  38  3:43  Void Ray (Chrono Boost)  
  38  3:45  Probe  
  43  3:57  Probe  
  43  3:58  Void Ray (Chrono Boost)  
  48  4:06  Pylon  
  48  4:09  Probe  
  49  4:21  Void Ray (Chrono Boost), Probe  
  54  4:34  Probe  
  54  4:35  Void Ray (Chrono Boost)  
  59  4:46  Probe  
  59  4:50  Pylon  
  60  4:53  Forge  
  60  4:58  Probe  
  61  5:09  Void Ray (Chrono Boost)  
  61  5:10  Probe  
  66  5:18  Probe  
  67  5:25  Stargate  
  67  5:32  Probe  
  67  5:33  Fleet Beacon  
  68  5:43  Probe  
  68  5:48  Protoss Shields Level 1, Pylon  
  69  5:55  Probe  
  70  6:06  Void Ray x2 (Chrono Boost)  
  78  6:19  Nexus  
  78  6:28  Pylon  
  78  6:42  Mothership Core  
  58  7:03  Probe  
  55  7:11  Tempest (Chrono Boost)  
  55  7:14  Carrier (Chrono Boost)  
  65  7:16  Carrier (Chrono Boost)  
  71  7:26  Probe  
  72  7:34  Probe  
  73  7:42  Probe  
  74  7:46  Probe  
  74  7:47  Protoss Ground Weapons Level 1  
  75  7:52  Forge  
  75  7:54  Probe  
  75  7:55  Forge  
  75  7:58  Probe  
  77  8:02  Carrier (Chrono Boost)  
  83  8:10  Probe  
  84  8:30  Void Ray (Chrono Boost)  
  84  8:31  Void Ray (Chrono Boost)  
  98  8:50  Pylon  
  98  8:53  Pylon, Protoss Ground Armor Level 1  
  98  9:09  Void Ray (Chrono Boost), Carrier (Chrono Boost)  
  108  9:19  Probe  
  108  9:22  Pylon  
  108  9:23  Pylon, Carrier (Chrono Boost)  
  115  9:25  Assimilator  
  115  9:28  Stargate  
  115  9:30  Assimilator  
  115  9:31  Probe  
  116  9:43  Probe  
  117  9:46  Void Ray (Chrono Boost)  
  121  9:55  Probe  
  122  10:03  Probe  
  123  10:07  Probe  
  128  10:18  Void Ray (Chrono Boost)  
  128  10:22  Probe  
  128  10:23  Void Ray (Chrono Boost)  
  133  10:33  Pylon  
  133  10:36  Pylon  
  133  10:44  Pylon  
  133  10:47  Warp Gate  
  133  10:51  Probe  
  133  10:52  Void Ray (Chrono Boost)  
  133  10:54  Void Ray (Chrono Boost)  
  146  11:04  Void Ray (Chrono Boost)  
  150  11:12  Void Ray (Chrono Boost)  
  150  11:16  Twilight Council  
  96  12:00  Void Ray x2 (Chrono Boost)  
  96  12:01  Void Ray (Chrono Boost)  
  108  12:06  Void Ray (Chrono Boost)  
  100  12:35  Probe  
  101  12:37  Void Ray (Chrono Boost)  
  101  12:38  Void Ray (Chrono Boost)  
  101  12:44  Dark Shrine  
  109  12:46  Gateway  
  109  12:48  Gateway  
  109  12:50  Gateway  
  109  12:54  Gateway  
  109  12:59  Gateway  
  109  13:25  Carrier (Chrono Boost)  
  109  13:26  Carrier (Chrono Boost)  
  127  13:27  Carrier (Chrono Boost)  
  127  13:31  Probe  
  128  13:43  Probe  
  133  13:53  Void Ray (Chrono Boost)  
  135  13:55  Mothership Core  
  135  14:23  Nexus  
  139  14:36  Void Ray (Chrono Boost), Photon Cannon  
  139  14:38  Pylon, Photon Cannon  
  139  14:39  Void Ray (Chrono Boost)  
  139  14:41  Pylon, Photon Cannon  
  139  14:43  Photon Cannon  
  142  14:57  Dark Templar x2  
  142  14:58  Dark Templar x2  
  142  14:59  Dark Templar  
  138  15:52  Dark Templar  
  138  15:53  Dark Templar  
  138  15:54  Stalker, Dark Templar x2  
  148  16:03  Void Ray (Chrono Boost)  
  151  16:38  Nexus  
Show
View Real Time Build Order
Export as new Build Order

Grumm Protoss 

Build Orders: 1 Gate Expand 

Get SALT Encoding   

  12  0:10  Pylon  
  12  0:13  Probe (Chrono Boost)  
  13  0:24  Probe (Chrono Boost)  
  14  0:32  Gateway  
  14  0:36  Probe (Chrono Boost)  
  15  0:53  Probe (Chrono Boost)  
  16  0:57  Assimilator  
  16  1:19  Zealot (Chrono Boost)  
  16  1:20  Nexus  
  16  1:24  Probe  
  19  1:37  Cybernetics Core  
  19  1:39  Probe  
  20  1:48  Pylon  
  20  1:52  Probe (Chrono Boost)  
  21  1:59  Zealot  
  23  2:10  Gateway  
  23  2:17  Mothership Core (Chrono Boost)  
  25  2:32  Probe (Chrono Boost)  
  26  2:39  Probe (Chrono Boost)  
  25  2:51  Gateway  
  25  2:52  Pylon  
  25  2:58  Warp Gate (Chrono Boost)  
  25  3:00  Adept x2  
  25  3:03  Gateway  
  29  3:06  Pylon  
  29  3:24  Probe  
  30  3:27  Adept  
  30  3:28  Adept  
  30  3:32  Probe  
  35  3:36  Probe  
  36  3:44  Forge  
  36  3:48  Assimilator  
  36  3:51  Probe  
  37  3:56  Stalker  
  39  4:07  Adept  
  39  4:08  Adept  
  43  4:11  Adept  
  43  4:13  Probe  
  46  4:22  Photon Cannon  
  46  4:24  Probe  
  46  4:25  Probe  
  48  4:35  Probe (Chrono Boost)  
  48  4:37  Probe (Chrono Boost)  
  50  4:39  Pylon  
  50  4:46  Assimilator  
  50  4:47  Probe (Chrono Boost)  
  50  4:49  Probe (Chrono Boost)  
  52  4:56  Stalker  
  52  4:58  Probe (Chrono Boost), Zealot  
  57  5:02  Zealot  
  55  5:41  Pylon  
  55  5:45  Pylon  
  55  5:56  Pylon  
  55  5:57  Assimilator  
  55  5:59  Probe (Chrono Boost)  
  56  6:05  Gateway  
  56  6:08  Twilight Council  
  56  6:12  Probe x2 (Chrono Boost)  
  56  6:15  Photon Cannon  
  56  6:17  Pylon  
  58  6:22  Probe (Chrono Boost)  
  58  6:23  Probe (Chrono Boost)  
  44  7:01  Blink  
  44  7:04  Probe (Chrono Boost)  
  44  7:06  Stalker x4  
  45  7:17  Gateway  
  45  7:24  Gateway  
  45  7:25  Gateway  
  45  7:27  Probe x2 (Chrono Boost)  
  47  7:35  Stalker x3  
  47  7:36  Stalker x2  
  57  7:39  Protoss Ground Weapons Level 1 (Chrono Boost)  
  57  7:48  Pylon  
  57  7:53  Forge  
  57  8:04  Dark Shrine  
  57  8:08  Stalker  
  57  8:10  Stalker  
  61  8:18  Zealot x3  
  67  8:43  Nexus  
  67  8:44  Pylon  
  67  8:48  Protoss Ground Armor Level 1 (Chrono Boost)  
  67  8:51  Pylon  
  67  8:57  Pylon  
  67  9:00  Stalker x2  
  67  9:01  Zealot  
  67  9:02  Zealot x4  
  81  9:07  Photon Cannon  
  81  9:12  Charge  
  81  9:38  Gateway  
  81  9:47  Assimilator  
  81  9:51  Assimilator  
  81  9:54  Probe x2  
  81  9:56  Stalker  
  81  9:57  Stalker x3  
  91  10:06  Probe  
  92  10:15  Probe  
  92  10:16  Probe  
  92  10:18  Probe  
  95  10:27  Dark Templar x3  
  101  10:34  Archon  
  101  10:37  Dark Templar  
  101  10:39  Zealot x2  
  101  10:41  Archon  
  107  10:48  Probe  
  107  10:49  Probe x2  
  110  10:58  Probe  
  110  11:01  Probe x2  
  113  11:05  Pylon  
  113  11:10  Sentry x2  
  117  11:12  Dark Templar x3  
  117  12:01  Stalker x3  
  117  12:02  Stalker x5  
  117  12:03  Stalker  
  93  12:30  Stalker  
  93  12:31  Stalker x4  
  93  12:32  Stalker x4  
  75  12:55  Stalker  
  75  12:56  Stalker x5  
  75  12:57  Stalker x2  
  47  13:20  Zealot  
  47  13:21  Zealot x2  
  47  13:22  Dark Templar x3  
  47  13:24  Mothership Core  
  59  13:31  Archon  
  61  13:34  Photon Cannon  
  61  13:36  Pylon  
  61  13:43  Zealot x4  
  61  13:44  Zealot  
  71  13:53  Protoss Ground Armor Level 2 (Chrono Boost)  
  71  13:54  Stalker  
  71  14:28  Dark Templar x3  
  71  14:29  Dark Templar x2  
  71  14:41  Archon x2  
  71  14:42  Nexus  
  71  14:43  Pylon  
  71  14:45  Assimilator  
  70  14:46  Archon  
  70  15:00  Dark Templar  
  70  15:01  Dark Templar x2  
  70  15:02  Zealot x2  
  70  15:03  Zealot  
  70  15:04  Zealot x2  
  70  15:06  Archon  
  46  15:37  Stalker x5  
  52  15:53  Probe x3  
  52  15:54  Probe  
  53  16:03  Probe  
  49  16:13  Stalker x3  
  49  16:15  Stalker  
Show
View Real Time Build Order
Export as new Build Order

ArgJIMY Protoss 

Build Orders:  

Get SALT Encoding   

  12  0:01  Probe (Chrono Boost)  
  13  0:12  Probe (Chrono Boost)  
  14  0:19  Pylon  
  14  0:25  Probe (Chrono Boost)  
  15  0:37  Gateway  
  15  0:39  Probe (Chrono Boost)  
  16  0:46  Assimilator  
  16  0:50  Probe (Chrono Boost)  
  16  0:56  Assimilator  
  17  1:00  Probe (Chrono Boost)  
  19  1:11  Probe (Chrono Boost)  
  19  1:22  Probe (Chrono Boost)  
  19  1:25  Gateway  
  20  1:30  Pylon  
  20  1:32  Probe (Chrono Boost)  
  21  1:43  Probe (Chrono Boost)  
  22  1:54  Forge  
  22  1:56  Probe (Chrono Boost)  
  23  2:17  Cybernetics Core  
  23  2:18  Zealot (Chrono Boost)  
  23  2:22  Zealot (Chrono Boost)  
  25  2:56  Mothership Core  
  27  2:59  Photon Cannon  
  27  3:02  Warp Gate (Chrono Boost)  
  23  3:42  Robotics Facility  
  23  3:43  Probe  
  23  3:45  Pylon  
  23  3:47  Pylon  
  24  3:55  Probe  
  25  4:01  Gateway  
  25  4:04  Gateway  
  25  4:34  Nexus  
  25  4:52  Nexus  
  25  4:59  Probe (Chrono Boost)  
  26  5:10  Probe (Chrono Boost)  
  26  5:14  Warp Prism  
  27  5:21  Probe (Chrono Boost)  
  30  5:29  Pylon  
  30  5:31  Probe (Chrono Boost)  
  31  5:42  Probe (Chrono Boost)  
  32  5:46  Pylon  
  32  5:47  Probe (Chrono Boost)  
  33  5:52  Probe (Chrono Boost)  
  34  5:57  Probe (Chrono Boost)  
  34  6:03  Probe x2 (Chrono Boost)  
  37  6:04  Twilight Council  
  37  6:08  Probe (Chrono Boost)  
  38  6:14  Probe x2 (Chrono Boost)  
  38  6:16  Adept  
  38  6:17  Adept  
  45  6:18  Probe (Chrono Boost)  
  45  6:20  Adept  
  45  6:24  Adept  
  49  6:40  Stalker x2  
  49  6:41  Stalker  
  55  6:54  Stalker  
  57  7:07  Probe x3 (Chrono Boost)  
  60  7:18  Probe x3 (Chrono Boost)  
  63  7:28  Probe x2 (Chrono Boost)  
  61  7:32  Probe (Chrono Boost)  
  61  7:33  Stargate  
  61  7:35  Stargate x2  
  58  7:38  Photon Cannon x2  
  58  7:39  Probe x2 (Chrono Boost)  
  58  7:40  Photon Cannon  
  58  7:41  Pylon  
  58  7:43  Assimilator x2, Probe (Chrono Boost)  
  61  7:45  Pylon  
  61  7:46  Pylon  
  61  7:49  Probe x2 (Chrono Boost)  
  63  7:56  Stalker x3  
  63  7:57  Stalker  
  69  7:59  Blink  
  69  8:05  Photon Cannon  
  69  8:08  Pylon  
  69  8:14  Pylon  
  69  8:17  Probe x2 (Chrono Boost)  
  71  8:25  Protoss Shields Level 1  
  71  8:29  Assimilator  
  71  8:38  Protoss Air Weapons Level 1 (Chrono Boost)  
  71  8:41  Pylon, Fleet Beacon  
  71  8:43  Phoenix x3  
  71  8:48  Pylon  
  77  8:51  Probe  
  77  8:52  Probe  
  77  8:53  Probe  
  80  8:56  Assimilator  
  80  9:01  Photon Cannon  
  80  9:08  Phoenix  
  82  9:43  Probe  
  82  9:44  Probe x2  
  85  9:53  Probe, Anion Pulse-Crystals  
  85  9:56  Probe x2  
  88  10:00  Carrier (Chrono Boost), Tempest  
  88  10:02  Nexus, Tempest  
  102  10:13  Pylon  
  102  10:17  Pylon  
  102  10:19  Pylon  
  102  10:22  Pylon  
  102  10:25  Assimilator  
  102  10:27  Assimilator  
  102  10:33  Protoss Air Weapons Level 2 (Chrono Boost)  
  102  10:34  Observer  
  103  10:42  Carrier (Chrono Boost)  
  103  10:47  Robotics Bay  
  103  10:48  Pylon x2  
  109  10:54  Pylon  
  109  10:56  Observer  
  110  10:57  Graviton Catapult  
  110  11:01  Carrier (Chrono Boost)  
  116  11:24  Tempest (Chrono Boost)  
  120  11:26  Photon Cannon  
  120  11:30  Photon Cannon  
  120  11:33  Photon Cannon  
  120  11:35  Zealot x4  
  120  11:36  Photon Cannon  
  120  11:38  Photon Cannon  
  128  11:45  Photon Cannon  
  126  11:47  Photon Cannon  
  126  11:50  Photon Cannon  
  126  11:52  Photon Cannon  
  97  12:03  Zealot x3  
  85  12:32  Stalker x2  
  95  12:37  Void Ray (Chrono Boost), Phoenix x2 (Chrono Boost)  
  97  12:58  Probe  
  98  12:59  Void Ray x2 (Chrono Boost)  
  106  13:10  Probe  
  107  13:14  Phoenix (Chrono Boost)  
  109  13:22  Probe  
  110  13:31  Pylon  
  110  13:33  Gateway, Fleet Beacon  
  110  13:34  Probe  
  110  13:36  Void Ray (Chrono Boost), Phoenix x2 (Chrono Boost)  
  119  13:43  Probe  
  119  13:46  Probe  
  121  13:54  Probe  
  121  13:56  Zealot x2  
  121  13:58  Phoenix x2 (Chrono Boost)  
  121  13:59  Protoss Air Armor Level 1 (Chrono Boost)  
  130  14:04  Probe  
  130  14:09  Twilight Council  
  131  14:13  Phoenix (Chrono Boost)  
  131  14:15  Probe  
  134  14:19  Phoenix (Chrono Boost)  
  134  14:23  Nexus  
  136  14:25  Probe  
  137  14:36  Void Ray (Chrono Boost)  
  137  14:38  Void Ray (Chrono Boost), Carrier (Chrono Boost)  
  151  14:53  Zealot x2  
  151  14:54  Zealot  
  151  14:55  Charge  
  157  15:03  Carrier  
  157  15:12  Void Ray  
  149  15:39  Zealot  
  149  15:40  Zealot x2  
  155  15:49  Void Ray  
  153  15:57  Probe  
  164  16:04  Pylon  
  164  16:06  Pylon  
  164  16:09  Pylon, Probe  
  165  16:15  Assimilator  
  165  16:16  Pylon  
  165  16:21  Pylon, Probe  
  176  16:35  Pylon  
  176  16:37  Pylon  
Show
View Real Time Build Order
Export as new Build Order

ArgGULA Zerg 

Build Orders: Hatch First 

Get SALT Encoding   

  12  0:01  Drone  
  13  0:13  Overlord  
  13  0:18  Drone  
  14  0:43  Hatchery  
  13  0:55  Extractor  
  12  1:02  Spawning Pool  
  12  1:03  Drone  
  12  1:09  Drone  
  13  1:13  Drone  
  14  1:19  Drone  
  14  1:25  Drone  
  16  1:36  Drone  
  17  1:47  Overlord  
  17  1:56  Metabolic Boost  
  17  1:58  Queen  
  19  2:02  Zergling x2  
  19  2:05  Zergling x2  
  21  2:09  Zergling x2  
  21  2:15  Drone  
  23  2:17  Drone  
  24  2:30  Zergling x2  
  24  2:31  Zergling x4  
  26  2:48  Zergling x4  
  28  2:52  Queen  
  28  2:56  Drone x2  
  31  3:20  Zergling x8  
  35  3:30  Zergling x2  
  35  3:32  Overlord  
  35  3:34  Overlord  
  36  3:46  Lair  
  36  3:47  Roach Warren  
  35  3:49  Drone  
  36  3:56  Drone x2  
  36  3:58  Drone  
  36  3:59  Drone x2  
  41  4:03  Drone  
  41  4:04  Extractor  
  41  4:27  Drone x2  
  43  4:32  Evolution Chamber  
  43  4:36  Drone  
  43  4:37  Drone x5  
  48  4:43  Extractor  
  48  4:44  Extractor  
  46  4:59  Roach x2  
  52  5:00  Roach  
  52  5:05  Overlord x2  
  52  5:08  Zerg Missile Weapons Level 1  
  52  5:10  Tunneling Claws  
  46  5:25  Roach x6  
  56  5:35  Roach x2  
  60  5:39  Drone  
  60  5:40  Drone x3  
  60  5:41  Drone x2  
  66  5:45  Drone  
  67  5:54  Overlord x2  
  67  5:57  Overseer  
  67  6:15  Drone x3  
  67  6:17  Drone x2  
  73  6:18  Drone x2  
  73  6:19  Drone  
  73  6:24  Drone x2  
  68  6:52  Roach x2  
  68  6:53  Roach x4  
  76  7:05  Overlord x5  
  76  7:10  Hydralisk Den  
  76  7:12  Zerg Ground Armor Level 1  
  76  7:13  Evolution Chamber  
  74  7:46  Spore Crawler x2  
  74  7:48  Spore Crawler, Hydralisk  
  74  7:49  Hydralisk x8  
  89  7:55  Ravager  
  89  7:57  Muscular Augments  
  90  8:01  Spore Crawler  
  90  8:04  Spore Crawler  
  88  8:11  Hydralisk x3  
  94  8:15  Hydralisk  
  96  8:26  Drone x2  
  98  8:28  Hatchery  
  98  8:30  Zerg Missile Weapons Level 2  
  97  8:40  Drone x3  
  100  8:42  Extractor  
  100  8:43  Drone x2  
  100  8:47  Glial Reconstitution  
  101  8:55  Drone x4  
  103  8:56  Drone x2  
  107  9:08  Overlord x4  
  107  9:18  Extractor  
  107  9:19  Drone x2  
  108  9:39  Hydralisk x6  
  108  9:41  Queen  
  108  9:44  Drone  
  108  9:45  Drone  
  124  10:07  Spire  
  123  10:08  Evolution Chamber  
  123  10:13  Infestation Pit  
  121  10:15  Hydralisk x5  
  121  10:16  Hydralisk x4  
  139  10:22  Drone  
  140  10:28  Spore Crawler  
  140  10:30  Spore Crawler  
  140  10:32  Spore Crawler  
  140  10:33  Drone  
  140  10:34  Drone x7  
  145  10:42  Zerg Ground Armor Level 2  
  145  10:43  Zerg Melee Weapons Level 1  
  145  10:50  Hive  
  145  11:07  Overlord x5  
  145  11:08  Overlord  
  145  11:10  Overseer  
  145  11:12  Overseer  
  145  11:13  Overseer  
  145  11:21  Drone  
  146  11:27  Pathogen Glands  
  146  11:28  Infestor x2  
  150  11:39  Corruptor x2  
  154  11:50  Zerg Flyer Weapons Level 1  
  120  12:08  Corruptor x2  
  120  12:09  Corruptor  
  111  12:50  Zergling x12  
  111  12:51  Zergling x10  
  80  13:07  Zergling x2  
  80  13:08  Zergling x6  
  74  13:21  Mutalisk x2, Corruptor x2  
  82  13:28  Hydralisk x2  
  86  13:36  Drone x3  
  86  13:40  Queen  
  91  13:46  Hydralisk  
  91  13:47  Roach x2  
  97  14:01  Spine Crawler  
  97  14:02  Spine Crawler  
  95  14:04  Drone x3  
  95  14:05  Drone x3, Spine Crawler  
  97  14:31  Drone x2  
  97  14:32  Drone x8  
  97  14:33  Drone x2  
  109  14:41  Spine Crawler  
  109  14:42  Spine Crawler  
  109  14:44  Drone x3  
  110  14:45  Spine Crawler  
  109  14:56  Hydralisk x3  
  115  15:15  Hydralisk x3  
  115  15:19  Overlord x3  
  108  15:40  Hydralisk  
  108  15:41  Hydralisk x4  
  90  15:48  Extractor  
  67  15:50  Drone x3  
  67  15:51  Extractor  
Show
View Real Time Build Order
Export as new Build Order

Caesar Protoss 

Build Orders: 1 Gate Expand 

Get SALT Encoding   

  12  0:01  Probe (Chrono Boost)  
  13  0:14  Pylon  
  13  0:20  Assimilator  
  13  0:23  Probe (Chrono Boost)  
  14  0:37  Probe (Chrono Boost)  
  15  0:42  Gateway  
  15  0:47  Probe (Chrono Boost)  
  16  0:58  Probe (Chrono Boost)  
  17  1:08  Probe (Chrono Boost)  
  18  1:19  Probe (Chrono Boost)  
  19  1:29  Nexus  
  19  1:39  Cybernetics Core  
  19  1:42  Probe (Chrono Boost)  
  20  1:48  Assimilator  
  20  1:53  Probe (Chrono Boost)  
  21  1:59  Pylon  
  21  2:04  Probe (Chrono Boost)  
  22  2:11  Pylon  
  22  2:18  Mothership Core (Chrono Boost)  
  22  2:19  Warp Gate (Chrono Boost)  
  24  2:26  Stalker  
  26  2:36  Probe (Chrono Boost)  
  27  2:48  Probe x2 (Chrono Boost)  
  29  2:54  Stargate  
  29  2:58  Probe (Chrono Boost), Stalker  
  29  2:59  Probe (Chrono Boost)  
  33  3:10  Probe x2  
  35  3:14  Pylon  
  36  3:27  Probe x2  
  36  3:29  Zealot  
  39  3:36  Assimilator  
  39  3:39  Pylon  
  39  3:40  Assimilator  
  39  3:49  Forge  
  39  3:52  Probe x2  
  41  4:04  Void Ray (Chrono Boost)  
  41  4:08  Probe x2  
  47  4:25  Pylon  
  47  4:28  Pylon  
  47  4:29  Photon Cannon  
  47  4:30  Probe x2  
  49  4:32  Pylon  
  49  4:37  Photon Cannon  
  49  4:46  Probe x2  
  49  4:51  Void Ray (Chrono Boost)  
  55  4:54  Protoss Air Weapons Level 1  
  55  5:06  Probe x2  
  57  5:13  Stargate  
  57  5:18  Probe  
  57  5:19  Stargate, Probe  
  59  5:32  Void Ray (Chrono Boost)  
  59  5:33  Probe  
  59  5:34  Probe  
  65  5:48  Probe  
  65  5:49  Probe  
  67  5:55  Pylon  
  67  6:03  Void Ray x2 (Chrono Boost)  
  79  6:15  Void Ray (Chrono Boost)  
  79  6:22  Fleet Beacon  
  79  6:25  Photon Cannon  
  81  6:47  Void Ray x2 (Chrono Boost)  
  65  7:10  Void Ray (Chrono Boost)  
  65  7:16  Nexus  
  65  7:18  Pylon  
  65  7:20  Pylon  
  65  7:24  Void Ray (Chrono Boost)  
  65  7:28  Void Ray (Chrono Boost)  
  73  7:39  Protoss Air Weapons Level 2  
  73  7:44  Probe x2  
  73  7:48  Photon Cannon  
  73  7:49  Photon Cannon  
  75  7:54  Photon Cannon  
  75  7:57  Pylon  
  79  7:58  Void Ray (Chrono Boost)  
  83  8:06  Void Ray (Chrono Boost)  
  83  8:13  Assimilator  
  83  8:15  Assimilator  
  83  8:22  Pylon  
  83  8:24  Pylon  
  87  8:29  Probe  
  87  8:30  Probe x2  
  87  8:31  Void Ray (Chrono Boost)  
  90  8:40  Probe  
  90  8:42  Probe  
  90  8:43  Probe  
  93  8:49  Void Ray x2 (Chrono Boost)  
  93  8:50  Probe  
  93  8:55  Probe  
  103  8:56  Robotics Facility  
  103  8:59  Pylon  
  103  9:00  Pylon  
  95  9:29  Void Ray x2 (Chrono Boost)  
  103  9:34  Void Ray (Chrono Boost)  
  103  9:36  Probe  
  103  9:38  Probe x2  
  107  9:45  Observer  
  107  9:55  Pylon  
  107  10:00  Pylon  
  107  10:06  Void Ray (Chrono Boost)  
  111  10:08  Void Ray (Chrono Boost)  
  115  10:18  Protoss Air Weapons Level 3  
  119  10:21  Void Ray (Chrono Boost)  
  119  10:29  Observer  
  120  10:38  Nexus  
  120  10:40  Pylon  
  120  10:43  Pylon  
  120  10:45  Probe  
  120  10:46  Assimilator  
  120  10:47  Probe x2  
  123  10:50  Assimilator  
  123  10:51  Void Ray x2 (Chrono Boost)  
  131  10:59  Void Ray (Chrono Boost)  
  135  11:14  Photon Cannon  
  135  11:15  Photon Cannon  
  135  11:17  Photon Cannon  
  135  11:21  Pylon  
  135  11:29  Void Ray x2 (Chrono Boost)  
  94  11:54  Void Ray (Chrono Boost)  
  74  12:06  Void Ray x2 (Chrono Boost)  
  66  12:19  Mothership Core  
  66  12:21  Probe  
  66  12:22  Probe x2  
  64  12:31  Void Ray (Chrono Boost), Probe  
  64  12:34  Probe x2  
  71  12:40  Probe  
  71  12:43  Void Ray x2 (Chrono Boost)  
Tags
 
Add a new tag
Caveats
  • Supply blocks, unpowered buildings, or Contaminate may cause inaccurate times.
  • Supply counts are checked every 10 seconds.